 Dungeon Crawl Stone Soup version 0.27.1-3-gb3d3a73c9e (webtiles) character file.

Game seed: 16420602439022014179

67 CuBeRJAN3 the Magician (level 4, -1/24 HPs)
             Began as a Deep Elf Fire Elementalist on Oct 7, 2021.
             Slain by a black bear (2 damage)
             ... on level 1 of the Dungeon.
             The game lasted 00:05:55 (1854 turns).

CuBeRJAN3 the Magician (Deep Elf Fire Elementalist) Turns: 1854, Time: 00:05:56

Health: -1/24      AC:  3    Str:  5    XL:     4   Next: 0%
Magic:  10/12      EV: 12    Int: 21    God:
Gold:   74         SH:  0    Dex: 15    Spells: 2/11 levels left

rFire    . . .     SeeInvis .   b - +2 mace (holy)
rCold    . . .     Faith    .   (no shield)
rNeg     . . .     Spirit   .   a - +0 robe
rPois    .         Reflect  .   (no helmet)
rElec    .         Harm     .   (no cloak)
rCorr    .         Rampage  .   f - +0 pair of gloves
Will     .....                  (no boots)
Stlth    ++........             (no amulet)
HPRegen  0.08/turn              (no ring)
MPRegen  0.13/turn              (no ring)

@: no status effects
A: no striking features
a: no special abilities


You were on level 1 of the Dungeon.
You visited 1 branch of the dungeon, and saw 3 of its levels.

You collected 74 gold pieces.

Inventory:

Hand Weapons
 b - a +2 mace of holy wrath (weapon)
Armour
 a - a +0 robe (worn)
 f - a +0 pair of gloves (worn)
Scrolls
 c - a scroll of enchant weapon {unknown}
 d - 2 scrolls of identify {unknown}
 e - a scroll of teleportation {unknown}


   Skills:
 + Level 0.8 Fighting
 - Level 2.4 Dodging
 + Level 3.1 Stealth
 * Level 4.2 Spellcasting
 + Level 1.8 Conjurations
 + Level 0.2 Hexes
 + Level 3.8 Fire Magic


You had 2 spell levels left.
You knew the following spells:

 Your Spells              Type           Power      Damage    Failure   Level
a - Foxfire               Conj/Fire      64%        2x1d7     3%          1
b - Conjure Flame         Conj/Fire      16%        6-21      11%         3
c - Inner Flame           Hex/Fire       12%        N/A       16%         3
d - Searing Ray           Conj           22%        3d3       9%          2

Your spell library contained the following spells:

 Spells                   Type           Power      Damage    Failure   Level
 Magic Dart               Conj           44%        1d5       5%          1
 Sticky Flame             Conj/Fire      16%        2d4       36%         4
 Fulminant Prism          Conj/Hex       4%         3d6       61%         4
 Fireball                 Conj/Fire      8%         3d6       71%         5


Dungeon Overview and Level Annotations

Branches:
Dungeon (3/15)

Altars:

Annotations:
D:3 Robin


Message History

You have reached level 4!
You feel clever.
Things that are here:
a +0 short sword; a kobold corpse
Okay, then.
There is a stone staircase leading down here.
You climb downwards.
Robin shouts!
The goblin shouts! x2; You hear a shout!
The goblin shouts!
You hear a shout!
The hobgoblin shouts!
The goblin shouts!
You hear an angry hiss.
There is a stone staircase leading up here.
The hobgoblin shouts!
The goblin hits you with a +0 dagger.
You climb upwards.
There is a stone staircase leading down here.
The black bear growls angrily.
The black bear bites you. The black bear claws you.
The black bear claws you but does no damage.
The goblin barely misses you. The black bear bites you.
The black bear claws you. x2
* * * LOW HITPOINT WARNING * * *
There is a stone staircase leading down here.
There is a stone staircase leading up here.
The black bear bites you.
* * * LOW HITPOINT WARNING * * *
The black bear closely misses you. The black bear barely misses you.
You climb upwards.
There is a stone staircase leading down here.
Casting: Conjure Flame (quite dangerous; 11% risk of failure)
Confirm with . or Enter, or press ? or * to list all spells.
Aiming: Searing Ray (safe; 9% risk of failure)
Press: ? - help, Shift-Dir - straight line, f - black bear
Aim: a black bear (82% to hit)
The searing ray misses the black bear. (Press . to maintain the ray.)
The black bear bites you.
* * * LOW HITPOINT WARNING * * *
The black bear claws you but does no damage.
The black bear claws you.
You die...

...# #......#.......'............
#### #....).#.......#############
# #......#....)..# #
#......######'## # #......#
#.######## ### #......#
#........# ..####......#
#........#
......###'########........#######
......+.........@#...............
......####.#####.h........#######
#.....# ##.#####.##.......#
#.....# #.................#
####### #.#.####......)...#
####### #.#...#...#.......#
......# #.#..##...#.#######
......# #.#..##...#.# ......#
#.#..##...#.#


You could see a black bear.

Vanquished Creatures
  3 adders (D:2)
  A dart slug (D:1)
  4 bats
  2 endoplasms (D:1)
  A giant cockroach (D:1)
  4 goblins
  6 hobgoblins
  2 jackals (D:1)
  2 quokkas
  A ball python (D:1)
  3 frilled lizards
  6 kobolds
  2 rats (D:2)
37 creatures vanquished.

Vanquished Creatures (others)
  108 foxfires
108 creatures vanquished.

Grand Total: 145 creatures vanquished

Notes
Turn   | Place    | Note
-------+----------+-------------------------------------------
     0 | D:1      | CuBeRJAN3 the Deep Elf Fire Elementalist began the quest
                  | for the Orb.
     0 | D:1      | Reached XP level 1. HP: 10/10 MP: 6/6
   127 | D:1      | Found a faded altar of an unknown god.
   260 | D:1      | Reached XP level 2. HP: 15/15 MP: 5/8
   993 | D:2      | Reached XP level 3. HP: 20/20 MP: 7/10
  1035 | D:2      | Learned a level 3 spell: Conjure Flame
  1039 | D:2      | Learned a level 3 spell: Inner Flame
  1160 | D:2      | Reached skill level 4 in Spellcasting
  1261 | D:2      | Learned a level 2 spell: Searing Ray
  1585 | D:2      | Noticed a black bear
  1814 | D:2      | Reached XP level 4. HP: 24/24 MP: 12/12
  1843 | D:3      | Noticed Robin
  1854 | D:1      | HP: 1/24 [black bear (5)]
  1854 | D:1      | Slain by a black bear

Illustrated notes

Levels and vault maps discovered:
D:1:      lightli_arrival_maybe_door_vault, layout_basic,
          hellmonk_ecumenical_altar_blasted
D:2:      layout_loops_ring, corexii_item_surrounded_by_moat,
          kennysheep_generic_room_12
D:3:      cheibrodos_thug_alley, layout_basic, nzn_wu_jian_council_hall,
          uniq_robin

Skill      XL: |  1  2  3 |
---------------+----------+-----
Stealth        | 3 |  3.1
Spellcasting   | 4 |  4.2
Fighting       | |  0.8
Dodging        | |  2.4
Conjurations   | |  1.8
Hexes          | |  0.2
Fire Magic     | |  3.8

Action                   |  1- 3 |  4- 6 || total
-------------------------+-------+-------++-------
Melee: Mace              |     6 |       ||     6
 Cast: Foxfire           |    60 |       ||    60
       Searing Ray       |     1 |     1 ||     2
       Conjure Flame     |     1 |       ||     1
       Inner Flame       |     1 |       ||     1
Armor: Robe              |     2 |     2 ||     4
Dodge: Dodged            |     4 |     3 ||     7
